Map: [ESL] Hecate

Players

ShoWTimE

  • Race: Protoss Protoss
  • League: Diamond
  • Spawn Location: 7:00

herO - Winner!

  • Race: Protoss Protoss
  • Spawn Location: 1:00

Event: IEM Katowice 2024

VOD

Have the link to the VOD?

Description

Time

  • Played on: Feb. 10, 2024, 9:07 a.m.
  • Length: 6:37

All games in this series

Show
View Real Time Build Order
Export as new Build Order

ShoWTimE Protoss 

Build Orders:  

Get SALT Encoding   

  12  0:00  Probe  
  13  0:12  Probe  
  14  0:17  Pylon  
  14  0:24  Probe (Chrono Boost)  
  15  0:36  Gateway, Probe (Chrono Boost)  
  16  0:44  Probe (Chrono Boost)  
  16  0:45  Assimilator  
  17  0:51  Probe  
  17  0:53  Assimilator  
  18  1:03  Probe (Chrono Boost)  
  19  1:06  Gateway  
  19  1:13  Probe (Chrono Boost)  
  19  1:18  Probe (Chrono Boost)  
  20  1:24  Cybernetics Core  
  21  1:29  Probe  
  22  1:36  Pylon  
  22  1:41  Probe  
  23  1:54  Probe  
  24  2:00  Warp Gate (Chrono Boost), Stalker  
  24  2:01  Stalker  
  28  2:11  Pylon  
  28  2:30  Stalker  
  28  2:31  Stalker  
  32  2:39  Robotics Facility  
  32  2:48  Gateway  
  32  3:01  Stalker  
  32  3:03  Stalker  
  36  3:11  Pylon  
  35  3:29  Warp Prism (Chrono Boost)  
  37  3:46  Stalker x2  
  41  3:51  Stalker  
  43  3:59  Pylon  
  43  4:20  Stalker x2  
  43  4:23  Stalker  
  49  4:42  Stalker  
  49  4:43  Stalker  
  49  5:06  Stalker x3  
  35  5:31  Sentry, Stalker x2  
  41  5:54  Stalker x3  
  45  6:20  Stalker x3  
  45  6:23  Pylon  
Show
View Real Time Build Order
Export as new Build Order

herO Protoss - Winner!

Build Orders:  

Get SALT Encoding   

  12  0:00  Probe  
  13  0:12  Probe  
  14  0:17  Pylon  
  14  0:24  Probe (Chrono Boost)  
  16  0:36  Gateway, Probe (Chrono Boost)  
  16  0:43  Probe (Chrono Boost)  
  16  0:45  Assimilator  
  17  0:50  Probe  
  18  1:02  Probe (Chrono Boost)  
  19  1:04  Assimilator  
  19  1:07  Gateway  
  19  1:13  Probe (Chrono Boost)  
  19  1:18  Probe (Chrono Boost)  
  20  1:24  Cybernetics Core  
  21  1:29  Probe  
  22  1:33  Pylon  
  22  1:41  Probe  
  23  1:53  Probe  
  26  2:02  Warp Gate  
  26  2:05  Stalker  
  28  2:08  Sentry  
  28  2:13  Pylon  
  28  2:31  Pylon  
  28  2:32  Stalker  
  28  2:35  Stalker  
  31  2:47  Nexus  
  31  2:52  Shield Battery  
  31  2:55  Probe  
  32  3:02  Sentry  
  32  3:04  Sentry  
  36  3:07  Probe  
  37  3:17  Twilight Council  
  37  3:21  Probe  
  38  3:33  Robotics Facility  
  39  3:43  Shield Battery  
  38  3:53  Shield Battery  
  38  3:59  Adept x2  
  42  4:17  Stalker x2  
  42  4:18  Immortal (Chrono Boost)  
  50  4:36  Stalker x2  
  52  4:50  Warp Prism (Chrono Boost)  
  42  5:03  Stalker x2  
  38  5:23  Immortal (Chrono Boost)  
  41  5:31  Stalker x2  
  44  5:52  Immortal (Chrono Boost)  
  48  6:01  Stalker  
  48  6:02  Stalker  

Tags
 
Add a new tag
Caveats
  • Supply blocks, unpowered buildings, or Contaminate may cause inaccurate times.
  • Supply counts are checked every 10 seconds.